 Dungeon Crawl Stone Soup version 0.18.1-48-g4cf74bf (webtiles) character file.

738 Lennu the Stinger (level 7, -4/56 HPs)
             Began as a Black Draconian Venom Mage on June 30, 2016.
             Slain by a wight
             ... wielding a +3 battleaxe of freezing
              (6 damage)
             ... on level 5 of the Dungeon.
             The game lasted 00:33:41 (6037 turns).

Lennu the Stinger (Black Draconian Venom Mage)      Turns: 6037, Time: 00:33:41

Health: -4/56      AC:  9    Str: 10    XL:     7   Next: 46%
Magic:  12/12      EV: 12    Int: 18    God:
Gold:   321        SH:  0    Dex: 11    Spells: 3 memorised, 5 levels left

rFire  . . .     SeeInvis .     g - +0 halberd
rCold  . . .     Gourm    .     (armour unavailable)
rNeg   . . .     Faith    .     (shield currently unavailable)
rPois  .         Spirit   .     (helmet restricted)
rElec  +         Dismiss  .     (no cloak)
rCorr  .         Reflect  .     (no gloves)
SustAt .         Harm     +     j - +2 pair of boots
MR     .....                    f - amulet of harm
Stlth  ..........               (no ring)
                                o - ring of loudness

@: drained, not resistant to hostile enchantments, extremely unstealthy
A: breathe lightning, unfitting armour, electricity resistance, cold-blooded, AC
+6
a: Breathe Lightning


You were on level 5 of the Dungeon.
You were not hungry.

You visited 2 branches of the dungeon, and saw 6 of its levels.

You collected 321 gold pieces.

Inventory:

Hand Weapons
 g - a +0 halberd (weapon)
Armour
 j - a +2 pair of boots (worn)
Jewellery
 f - an amulet of harm (around neck)
 o - a ring of loudness (left hand)
Wands
 m - a wand of slowing (40/48)
Scrolls
 d - a scroll of fear
 e - 7 scrolls of identify
 h - a scroll of remove curse
 p - a scroll of teleportation
 q - 4 scrolls of amnesia
 s - a scroll of enchant armour
Potions
 c - a potion of curing
 k - a potion of heal wounds
 r - a potion of brilliance {unknown}
Books
 a - a Young Poisoner's Handbook

   Spells                             Type                      Level
   a - Sting                          Conjuration/Poison           1
   b - Cure Poison                    Poison                       2
   c - Mephitic Cloud                 Conjuration/Poison/Air       3
   d - Olgreb's Toxic Radiance        Poison                       4
   e - Venom Bolt                     Conjuration/Poison           5
 u - a book of the Sky

   Spells                             Type                      Level
   a - Summon Lightning Spire         Summoning/Air                4
   b - Airstrike                      Air                          4
   c - Silence                        Hexes/Air                    5
   d - Deflect Missiles               Charms/Air                   6
   e - Conjure Ball Lightning         Conjuration/Air              6
   f - Tornado                        Air                          9
Comestibles
 b - 5 bread rations
 l - 2 beef jerkies
 n - 2 slices of pizza
 t - a meat ration


   Skills:
 * Level 2.5(1.5) Fighting
 * Level 2.3(1.3) Polearms
 * Level 3.3(2.2) Dodging
 - Level 1.7(0.7) Stealth
 + Level 3.6(2.5) Spellcasting
 * Level 3.3(2.3) Conjurations
 * Level 0.8(0.0) Air Magic
 * Level 5.9(4.8) Poison Magic


You had 5 spell levels left.
You knew the following spells:

 Your Spells              Type           Power        Failure   Level  Hunger
a - Sting                 Conj/Pois      ###.         4%          1    #......
b - Mephitic Cloud        Conj/Pois/Air  ##......     21%         3    ###....
c - Summon Lightning Spi  Summ/Air       #.......     99%         4    #####..


Dungeon Overview and Level Annotations

Branches:
Dungeon (5/15)             Temple (1/1) D:5

Altars:
Ashenzari
Cheibriados
Dithmenos
Elyvilon
Fedhas
Gozag
Kikubaaqudgha
Makhleb
Nemelex Xobeh
Okawaru
Pakellas
Ru
Trog
Vehumet
Xom
Yredelemnul
The Shining One


Innate Abilities, Weirdness & Mutations

You can breathe wild blasts of lightning.
Your glossy black scales are hard (AC +6).
Your body does not fit into most forms of armour.
You are resistant to electric shocks.
You are cold-blooded and may be slowed by cold attacks.


Message History

The wight is heavily damaged.
The wight hits you but does no damage.
You barely miss the wight.
The wight is heavily damaged.
The wight hits you with a battleaxe of freezing.
The wight freezes you.
You closely miss the wight.
The wight is heavily damaged.
The wight completely misses you.
You hit the wight but do no damage.
The wight is heavily damaged.
The wight hits you with a battleaxe of freezing!
You feel drained. The wight freezes you.
* * * LOW HITPOINT WARNING * * *
You hit the wight but do no damage.
The wight is heavily damaged.
The wight hits you with a battleaxe of freezing!
* * * LOW HITPOINT WARNING * * *
You feel drained. The wight freezes you.
You die...

##.#.## #.# ####.#
##.#########.# #....#
#.#......##.## #.####
#.#.####.#...## #.#
#.....##......# #.#
###.#.##.#...## #.#
#.#.##.##.#########.#
#.#.##.#####........#
#.#......z@..########
#......#######
########


You could see a wight.

Vanquished Creatures
  A centaur (D:4)
  A scorpion (D:5)
  A howler monkey (D:5)
  A crimson imp (D:5)
  2 hounds (D:5)
  An orc priest (D:4)
  An orc wizard (D:3)
  Natasha (thrice) (D:3)
  3 worker ants
  13 adders
  4 gnolls (D:2)
  A shadow imp (D:5)
  An ooze (D:1)
  2 worms
  A dart slug (D:4)
  7 giant geckos
  9 orcs
  2 ball pythons
  7 giant cockroaches
  6 goblins
  7 hobgoblins
  4 jackals (D:3)
  5 kobolds
  3 quokkas
  10 bats
  10 giant newts
  5 rats
111 creatures vanquished.

Notes
Turn   | Place    | Note
--------------------------------------------------------------
     0 | D:1      | Lennu the Draconian Venom Mage began the quest for the Orb.
     0 | D:1      | Reached XP level 1. HP: 14/14 MP: 3/3
   656 | D:1      | Reached XP level 2. HP: 20/20 MP: 3/5
  1556 | D:2      | Reached XP level 3. HP: 26/26 MP: 3/6
  1672 | D:2      | Reached skill level 1 in Conjurations
  1847 | D:2      | Reached XP level 4. HP: 34/34 MP: 1/7
  2011 | D:2      | Found a snail-covered altar of Cheibriados.
  2024 | D:2      | Found an ancient bone altar of Kikubaaqudgha.
  2025 | D:2      | Found a shattered altar of Ashenzari.
  2025 | D:2      | Found an iron altar of Okawaru.
  2025 | D:2      | Found a bloodstained altar of Trog.
  2027 | D:2      | Found an opulent altar of Gozag.
  2028 | D:2      | Found a sacrificial altar of Ru.
  2155 | D:2      | Reached skill level 1 in Fighting
  2723 | D:3      | Reached XP level 5. HP: 40/40 MP: 5/9
  2759 | D:3      | Learned a level 3 spell: Mephitic Cloud
  2907 | D:3      | Reached skill level 5 in Poison Magic
  2911 | D:3      | Reached skill level 1 in Polearms
  3472 | D:3      | Found an oddly glowing altar of Pakellas.
  3668 | D:3      | Noticed Natasha
  3676 | D:3      | Killed Natasha
  3686 | D:3      | Noticed Natasha
  3903 | D:3      | Killed Natasha
  3903 | D:3      | Reached XP level 6. HP: 48/48 MP: 6/10
  4029 | D:3      | Noticed Natasha
  4041 | D:3      | Killed Natasha
  4967 | D:4      | Your scales start taking on a glossy black colour.
  4967 | D:4      | Reached XP level 7. HP: 55/55 MP: 6/11
  4967 | D:4      | Gained mutation: You are resistant to electric shocks. [Black Draconian growth]
  5090 | D:5      | Entered Level 5 of the Dungeon
  5399 | D:5      | Found a staircase to the Ecumenical Temple.
  5414 | Temple   | Entered the Ecumenical Temple
  5592 | D:5      | Found a sparkling altar of Nemelex Xobeh.
  5628 | D:5      | Learned a level 4 spell: Summon Lightning Spire
  6037 | D:5      | HP: 2/56 [wight/battleaxe of freezing (12)]
  6037 | D:5      | Slain by a wight

Skill      XL: |  1  2  3  4  5  6 |
---------------+-------------------+-----
Dodging        | 2 3 |  3.3
Conjurations   | 1 2 3 |  3.3
Fighting       | 1 2 |  2.5
Poison Magic   | 5 |  5.9
Polearms       | 1 2 |  2.3
Spellcasting   | 3 |  3.6
Stealth        | |  1.7
Air Magic      | |  0.8

Action                   |  1- 3 |  4- 6 |  7- 9 || total
-------------------------+-------+-------+-------++-------
Melee: Unarmed           |    20 |       |       ||    20
       Tailslap          |     3 |     3 |     4 ||    10
       Dagger            |    13 |       |       ||    13
       Whip              |    17 |       |       ||    17
       Halberd           |       |    26 |    47 ||    73
       War axe           |       |    36 |     1 ||    37
 Cast: Sting             |    61 |   153 |    42 ||   256
       Mephitic Cloud    |       |     1 |     1 ||     2
 Abil: Breathe Lightning |       |       |     1 ||     1
  Use: Potion            |     1 |     1 |     3 ||     5
       Scroll            |       |    11 |     1 ||    12
  Eat: Chunk             |     2 |     7 |     5 ||    14
       Bread ration      |     1 |       |       ||     1
Armor: Skin              |    20 |    52 |    23 ||    95
Dodge: Dodged            |    41 |    88 |    42 ||   171
